 Dungeon Crawl Stone Soup version 0.29.1-1-gd02db6906a (webtiles) character file.

Game seed: 14898959809404335749

2006 Metae the Fighter (level 9, -3/82 HPs)
             Began as a Minotaur Fighter on Sept 24, 2022.
             Was a Believer of Okawaru.
             Slain by a killer bee (7 damage)
             ... on level 8 of the Dungeon.
             The game lasted 00:33:36 (7669 turns).

Metae the Fighter (Minotaur Fighter)                Turns: 7669, Time: 00:33:37

Health: -3/82      AC: 14    Str: 35    XL:     9   Next: 2%
Magic:  8/11       EV: 10    Int:  5    God:    Okawaru [**....]
Gold:   267        SH:  5    Dex: 10    Spells: 8/8 levels left

rFire   . . .      SeeInvis .   a - +10 double sword of Irritation {vorpal, rC+ Str+4}
rCold   + . .      Faith    .   c - +0 buckler
rNeg    . . .      Spirit   .   z - +0 chain mail
rPois   .          Reflect  .   (helmet restricted)
rElec   .          Harm     .   f - +1 cloak
rCorr   .          Rampage  .   (no gloves)
Will    .....                   (no boots)
Stlth   ..........              (no amulet)
HPRegen 0.23/turn               g - ring of flight
MPRegen 0.12/turn               k - +6 ring of strength

@: mighty, heroic, flying
A: horns 2, retaliatory headbutt
a: Renounce Religion, Heroism


You were on level 8 of the Dungeon.
You worshipped Okawaru.
Okawaru was pleased with you.
You visited 2 branches of the dungeon, and saw 9 of its levels.

You collected 345 gold pieces.
You spent 78 gold pieces at shops.

Inventory:

Hand Weapons
 a - the +10 double sword of Irritation (weapon) {vorpal, rC+ Str+4}
   (You acquired it on level 3 of the Dungeon)

   It inflicts extra damage upon your enemies.
   Str:       It affects your strength (+4).
   rC:        It protects you from cold.
 b - a +0 sling
 w - a +0 trident
 F - a +0 hammer
Missiles
 h - 2 boomerangs of dispersal (quivered)
 i - 77 stones
 H - 5 boomerangs
 J - 4 poisoned darts
Armour
 c - a +0 buckler (worn)
 f - a +1 cloak (worn)
 z - a +0 chain mail (worn)
Jewellery
 g - a ring of flight (left hand)
 j - a ring of see invisible
 k - a +6 ring of strength (right hand)
 o - a ring of willpower
 p - a ring of protection from cold
 v - a +6 ring of dexterity
 x - a ring of resist corrosion
Wands
 G - a wand of mindburst (7)
Scrolls
 e - 5 scrolls of teleportation
 l - a scroll of acquirement
 q - 2 scrolls of noise
 u - a scroll of fog {unknown}
 y - 3 scrolls of poison
 D - a scroll of immolation {unknown}
 E - a scroll of amnesia
 I - a scroll of enchant armour {unknown}
Potions
 d - a potion of might
 m - 2 potions of cancellation
 n - 2 potions of attraction {unknown}
 r - a potion of lignification {unknown}
 s - a potion of haste {unknown}
 A - 2 potions of magic {unknown}
 B - a potion of brilliance {unknown}
 C - a potion of berserk rage {unknown}
 K - 3 potions of mutation {unknown}


   Skills:
 + Level 8.5(13.5) Fighting
 + Level 6.7(11.7) Long Blades
 - Level 4.1(9.1) Polearms
 - Level 6.0(11.0) Armour
 - Level 3.6(8.6) Shields
 + Level 4.7 Invocations
 + Level 3.2 Evocations


You had 8 spell levels left.
You didn't know any spells.
Your spell library contained the following spells:

 Spells                   Type           Power      Damage    Failure   Level
 Freeze                   Ice            0%         1d3       91%         1
 Magic Dart               Conj           0%         1d3       91%         1
 Necrotise                Necr           0%         1d4       91%         1
 Frozen Ramparts          Ice            0%         1d1       99%         3
 Mephitic Cloud           Conj/Pois/Air  0%         N/A       99%         3
 Vampiric Draining        Necr           0%         2d6       99%         3
 Hailstorm                Conj/Ice       0%         3d3       100%        4
 Agony                    Necr           0%         N/A       100%        5
 Call Imp                 Summ           Unusable   N/A       N/A         2

Dungeon Overview and Level Annotations

Branches:
Dungeon (8/15)             Temple (1/1) D:4
   Lair: D:8-11

Altars:
Ashenzari
Cheibriados
Dithmenos
Elyvilon
Fedhas
Gozag
Hepliaklqana
Kikubaaqudgha
Makhleb
Nemelex Xobeh
Okawaru
Qazlal
Ru
Sif Muna
Uskayaw
Vehumet
Wu Jian
Xom
Yredelemnul
Zin
The Shining One

Shops:
D:3 ?


Innate Abilities, Weirdness & Mutations

You have a pair of horns on your head.
You reflexively headbutt those who attack you in melee.


Message History

* * * LOW HITPOINT WARNING * * *
You block the killer bee's attack.
The killer bee stings you but does no damage.
The killer bee attacks as you move away!
The killer bee closely misses you. You block the killer bee's attack.
The killer bee stings you but does no damage.
The killer bee stings you.
* * * LOW HITPOINT WARNING * * *
The killer bee stings you but does no damage.
The killer bee stings you.
* * * LOW HITPOINT WARNING * * *
The killer bee attacks as you move away!
The killer bee closely misses you.
The killer bee attacks as you move away!
The killer bee stings you but does no damage.
The killer bee stings you.
* * * LOW HITPOINT WARNING * * *
You block the killer bee's attack.
The killer bee attacks as you move away!
The killer bee barely misses you. You furiously retaliate!
You headbutt the killer bee!
You kill the killer bee!
Okawaru accepts your kill. The killer bee barely misses you.
You furiously retaliate!
You headbutt the killer bee! The killer bee closely misses you.
You furiously retaliate!
You headbutt the killer bee.
You kill the killer bee!
Okawaru accepts your kill. The killer bee barely misses you.
You block the killer bee's attack.
You have reached level 9!
Your experience leads to an increase in your attributes!
Your base attributes are Str 23, Int 5, Dex 10.
Increase (S)trength, (I)ntelligence, or (D)exterity?
You feel stronger. x2
You feel very mighty all of a sudden.
The killer bee stings you but does no damage. x2
The killer bee barely misses you.
The killer bee stings you but does no damage.
The killer bee closely misses you. The killer bee stings you!
You die...

#. #. #. #. ###
######################..
.......#................
.......#y...............
....>.!@y.............).
.......#y...............
.......#................
.......#...!............
........................
........................
........................
.#######................
..................


You could see 3 killer bees.

Vanquished Creatures
  The ghost of erker the Digger, an amateur GnEE (D:4)
  Eustachio (D:6)
  Menkaure (D:7)
  A water moccasin (D:7)
  An ogre (D:7)
  A phantom (D:7)
  A necrophage (D:7)
  A gnoll sergeant (D:5)
  3 scorpions
  3 wights (D:7)
  3 killer bees (D:8)
  A howler monkey (D:7)
  An electric eel (D:6)
  4 hounds
  4 jellies
  Crazy Yiuf (D:5)
  Jessica (D:3)
  Ijyb (D:5)
  5 iguanas
  An orc wizard (D:5)
  9 adders
  A white imp (D:6)
  3 worms
  4 dart slugs
  6 orcs
  6 endoplasms
  4 giant cockroaches
  6 hobgoblins
  4 jackals
  4 kobolds
  2 quokkas (D:1)
  11 ball pythons
  4 bats
  3 frilled lizards
  6 goblins
  2 rats (D:1)
111 creatures vanquished.

Vanquished Creatures (others)
  A fungus (D:1)
  8 plants (D:6)
9 creatures vanquished.

Grand Total: 120 creatures vanquished

Notes
Turn   | Place    | Note
-------+----------+-------------------------------------------
     0 | D:1      | Metae the Minotaur Fighter began the quest for the Orb.
     0 | D:1      | Reached XP level 1. HP: 19/19 MP: 0/0
    72 | D:1      | Reached XP level 2. HP: 23/27 MP: 1/1
   244 | D:1      | Reached skill level 4 in Fighting
   517 | D:1      | Reached XP level 3. HP: 33/33 MP: 2/2
  1810 | D:3      | Found Ytuthab's Magic Scroll Boutique.
  1814 | D:3      | Bought a scroll of identify for 26 gold pieces
  1814 | D:3      | Bought a scroll of identify for 26 gold pieces
  1814 | D:3      | Bought a scroll of identify for 26 gold pieces
  1815 | D:3      | Identified a scroll of acquirement
  1837 | D:3      | Noticed Jessica
  1839 | D:3      | Killed Jessica
  1840 | D:3      | Reached XP level 4. HP: 40/41 MP: 3/3
  1875 | D:3      | Found a shadowy altar of Dithmenos.
  1915 | D:3      | Found a hazy altar of Hepliaklqana.
  1974 | D:3      | Found a shimmering blue altar of Sif Muna.
  2051 | D:3      | Found a hide-covered altar of Uskayaw.
  2313 | D:3      | Reached skill level 5 in Fighting
  2313 | D:3      | Reached skill level 5 in Armour
  2313 | D:3      | Reached XP level 5. HP: 46/48 MP: 4/4
  2510 | D:3      | Found a faded altar of an unknown god.
  2655 | D:3      | Acquired the +10 double sword of Irritation {vorpal, rC+
                  | Str+4}
  2699 | D:4      | Reached skill level 1 in Long Blades
  2760 | D:4      | Found a basalt altar of Yredelemnul.
  2762 | D:4      | Found a shimmering altar of Xom.
  2762 | D:4      | Found a bloodstained altar of Trog.
  2764 | D:4      | Found an ornate altar of the Wu Jian Council.
  2764 | D:4      | Found a glowing silver altar of Zin.
  2764 | D:4      | Found a shimmering altar of Xom.
  2903 | D:4      | Found a runed translucent gate.
  2903 | D:4      | Found a runed translucent gate.
  3015 | D:4      | Found a staircase to the Ecumenical Temple.
  3023 | Temple   | Entered the Ecumenical Temple
  3096 | Temple   | Became a worshipper of Warmaster Okawaru
  3286 | D:4      | Found a runed translucent gate.
  3292 | D:4      | Noticed erker's ghost (amateur GnEE)
  3299 | D:4      | Killed erker's ghost
  3299 | D:4      | Reached * piety under Okawaru
  3300 | D:4      | Reached skill level 6 in Fighting
  3300 | D:4      | Reached XP level 6. HP: 51/57 MP: 5/5
  3393 | D:5      | Entered Level 5 of the Dungeon
  3404 | D:5      | Noticed Ijyb
  3408 | D:5      | Killed Ijyb
  3438 | D:5      | Reached skill level 1 in Invocations
  3438 | D:5      | Reached XP level 7. HP: 46/63 MP: 6/6
  3813 | D:5      | Found a runed translucent door.
  3815 | D:5      | Noticed Crazy Yiuf
  3819 | D:5      | Killed Crazy Yiuf
  4509 | D:6      | Reached skill level 7 in Fighting
  4587 | D:6      | Noticed Eustachio
  4598 | D:6      | Killed Eustachio
  4599 | D:6      | Reached skill level 5 in Long Blades
  4599 | D:6      | Reached XP level 8. HP: 66/73 MP: 9/9
  5010 | D:6      | Reached skill level 1 in Evocations
  5811 | D:6      | Found a snail-covered altar of Cheibriados.
  6138 | D:7      | Reached ** piety under Okawaru
  6216 | D:7      | Found a radiant altar of Vehumet.
  6285 | D:7      | Reached skill level 8 in Fighting
  6431 | D:7      | Noticed Menkaure
  6437 | D:7      | Killed Menkaure
  7667 | D:8      | HP: 3/75 [killer bee (5)]
  7669 | D:8      | Reached XP level 9. HP: 3/82 MP: 8/11
  7669 | D:8      | Slain by a killer bee

Illustrated notes

Levels and vault maps discovered:
D:1:      dpeg_arrival_prison, layout_basic, minmay_octomino_j4
D:2:      layout_loops_corners
D:3:      layout_rooms, nicolae_hepliaklqana_hazy_memory,
          grunt_temple_overflow_open, mainiacjoe_overflow_small_starburst,
          hellmonk_ecumenical_altar_pennies_from_heaven, serial_shops,
          nicolae_shop_behind_doors, nicolae_eternal_life, uniq_jessica
D:4:      layout_cave_pools, doesnt_xom_only_xom, minmay_temple_entry_wispy,
          ebering_ghost_rock_garden
D:5:      layout_rooms, st_stairs_6, chequers_serial_rivers_micro_e, uniq_ijyb,
          uniq_crazy_yiuf_cottage
D:6:      wad_lake_hut, layout_basic, kennysheep_slug_shrine, uniq_eustachio
D:7:      layout_basic, fiery_altar_vehumet, minivault_14, minivault_19,
          uniq_menkaure
D:8:      layout_basic, kennysheep_mini_moat, minmay_tree_intersection
Temple:   nicolae_temple_ecumenical_triangle

Skill      XL: |  1  2  3  4  5  6  7  8 |
---------------+-------------------------+-----
Armour         | 4 5 6 |  6.0
Fighting       | 4 5 6 7 8 |  8.5
Polearms       | 3 4 |  4.1
Long Blades    | 3 5 6 |  6.7
Invocations    | 1 3 4 |  4.7
Evocations     | 3 |  3.2
Shields        | |  3.6

Action                   |  1- 3 |  4- 6 |  7- 9 || total
-------------------------+-------+-------+-------++-------
Melee: Trident           |    81 |    26 |       ||   107
       Headbutt          |    13 |     8 |    12 ||    33
       Double sword      |       |    42 |    67 ||   109
Throw: Boomerang         |       |       |     2 ||     2
Invok: Heroism           |       |       |     1 ||     1
  Use: Scroll            |     4 |     1 |     5 ||    10
       Potion            |       |       |     5 ||     5
Armor: Scale mail        |    34 |    36 |       ||    70
       Chain mail        |       |    14 |    59 ||    73
Dodge: Dodged            |    38 |    42 |    62 ||   142
Block: Buckler           |    12 |    18 |    27 ||    57
